 Dungeon Crawl Stone Soup version 0.31.0-12-g77e489cdc1 (webtiles) character file.

Game seed: 17150935305208544764

3457 Peloso the Carver (level 9, -3/79 HPs)
             Began as a Minotaur Fighter on Mar 7, 2024.
             Was a Follower of Okawaru.
             Killed by divine providence
             ... invoked by an orc priest
              (12 damage)
             ... on level 9 of the Dungeon.
             The game lasted 00:13:47 (8612 turns).

Peloso the Carver (Minotaur Fighter)                Turns: 8612, Time: 00:13:47

Health: -3/79      AC: 17    Str: 20    XL:     9   Next: 78%
Magic:  10/17      EV:  7    Int: 10    God:    Okawaru [*.....]
Gold:   284        SH:  0    Dex: 15    Spells: 8/8 levels left

rFire   . . .        b - +7 hand axe of Leton {flame, rN+ MP+9 Int+5}
rCold   . . .        d - +0 buckler
rNeg    + . .        y - +0 plate armour
rPois   .            (helmet restricted)
rElec   .            s - +0 cloak
rCorr   .            e - +0 pair of gloves
SInv    .            (no boots)
Will    .....        p - amulet of the acrobat Stlth
                     (no ring)
HPRegen 0.33/turn    (no ring)
MPRegen 0.15/turn

%: acrobat
@: confused, hasted, very quick
A: horns 2, retaliatory headbutt
a: Renounce Religion, Heroism


You were on level 9 of the Dungeon.
You worshipped Okawaru.
Okawaru was aware of your devotion.
You visited 2 branches of the dungeon, and saw 10 of its levels.

You collected 284 gold pieces.

Inventory:

Hand Weapons
 a - a +0 heavy long sword
 b - the +7 hand axe of Leton (weapon) {flame, rN+ MP+9 Int+5}
   (You found it on level 3 of the Dungeon)

   Int+5:     It affects your intelligence (+5).
   rN+:       It protects you from negative energy.
   MP+9:      It affects your magic capacity (+9).
Armour
 c - a +0 chain mail
 d - a +0 buckler (worn)
 e - a +0 pair of gloves (worn)
 s - a +0 cloak (worn)
 y - a +0 plate armour (worn)
Jewellery
 k - an amulet of faith
 p - an amulet of the acrobat (around neck)
 w - a ring of fire
Wands
 x - a wand of iceblast (7)
Scrolls
 f - a scroll of revelation
 g - a scroll of enchant armour
 i - 3 scrolls of enchant weapon
 j - a scroll of amnesia
 m - a scroll of poison
 n - a scroll of brand weapon
 o - 2 scrolls of teleportation {unknown}
 v - a scroll of acquirement {unknown}
 z - a scroll of vulnerability {unknown}
Potions
 h - a potion of might
 l - a potion of enlightenment
 q - a potion of curing
 r - 2 potions of ambrosia
 u - a potion of brilliance {unknown}
 A - a potion of berserk rage {unknown}


   Skills:
 + Level 7.2 Fighting
 + Level 10.7 Long Blades
 + Level 9.8 Armour
 + Level 3.1 Dodging
 + Level 1.1 Stealth
 + Level 6.6 Shields
 + Level 0.1 Invocations


You had 8 spell levels left.
You didn't know any spells.
Your spell library contained the following spells:

 Spells                   Type           Power      Damage    Failure   Level
 Cigotuvi's Dreadful Rot  Necr/Alch/Air  0%         N/A       100%        2
 Lesser Beckoning         Tloc           0%         N/A       100%        2
 Gell's Gravitas          Tloc           0%         N/A       100%        3
 Teleport Other           Tloc           0%         N/A       100%        3
 Ignite Poison            Fire/Alch      0%         N/A       100%        4
 Freezing Cloud           Conj/Ice/Air   0%         6-21      100%        5


Dungeon Overview and Level Annotations

Branches:
Dungeon (9/15)             Temple (1/1) D:7             Orc (0/2) D:9
   Lair: D:8-11

Altars:
Cheibriados
Dithmenos
Elyvilon
Fedhas
Gozag
Kikubaaqudgha
Makhleb
Nemelex Xobeh
Okawaru
Qazlal
Ru
Sif Muna
Trog
Uskayaw
Vehumet
Wu Jian
Xom
Yredelemnul
Zin
The Shining One

Shops:
D:6 (   D:8 *[


Innate Abilities, Weirdness & Mutations

You have a pair of horns on your head.
You reflexively headbutt those who attack you in melee.


Message History

The orc wizard points at you and mumbles some strange words.
The magic dart hits you but does no damage.
You block the orc warrior's attack.
You feel yourself speed up.
The orc wizard casts a spell.
The orc wizard flickers and vanishes!
Deactivating autopickup; reactivate with Ctrl-A.
The orc warrior barely misses you. The orc warrior barely misses you.
Things that are here:
a +0 dire flail; a +0 chain mail You slash the orc warrior!
You burn the orc warrior.
The orc warrior is moderately wounded.
Unknown command.
You barely miss the orc warrior.
The orc warrior is moderately wounded.
You hit the orc. You burn the orc.
The orc warrior hits you but does no damage.
You slash the orc warrior! You burn the orc warrior.
The orc warrior is almost dead.
You closely miss the orc. The orc closely misses you.
The orc warrior hits you with a +0 halberd.
* * * LOW HITPOINT WARNING * * *
You closely miss the orc warrior. Your headbutt misses the orc warrior.
The orc warrior is almost dead.
You barely miss the orc. The orc hits you but does no damage.
You hear some strange, mumbled words.
You are confused.
The orc warrior hits you but does no damage.
You hit the orc warrior. You burn the orc warrior.
The orc warrior is almost dead.
You miss the orc. The orc barely misses you.
Unknown command.
You hit the orc warrior but do no damage.
The orc warrior is almost dead.
You closely miss the orc. You hit the orc wizard. You burn the orc wizard.
The orc hits you but does no damage.
The orc priest mumbles some strange prayers to Beogh against you.
Beogh smites you!
You die...

,,,*,,,,,*,,',....#..#.....####..
,,,*******###.,...#.$#...........
,,,,,,,,,,....##'##..#...........
,,,,,,,,,,....☼°°....#.)†..).....
***,,,,,,,....#......+...........
,,*,,,,,,,....#......#....)......
,,*,,,,,,,....#o.o...#...........
,,*,,,,,,,...>#oo###+#...........
+********,...##o@##....##########
,,,,,,,,*,...#.○..#....#.,*,,,,*
,,,,,,,,*,...#..☼○°°...#.,*,,,,*
,,**,,,,*,...#○☼..#{o..+.,*,,,,*
,,**,,,,*,...+°○..#o.°.#.,*,,,,*
,,**,,,,*,...#....#....##***,,**
,,**,,,,*,...######..°...,**,,**
,,**,,,,*,...........○.°.,*,,,,*
,,*******,...............,*,,,,*


You could see an orc warrior, an orc priest, an orc wizard and 4 orcs.

Vanquished Creatures
  A wyvern (D:9)
  4 yaks (D:9)
  2 steam dragons
  3 water moccasins
  A sky beast (D:6)
  A black bear (D:5)
  An orc warrior (D:9)
  An ice beast (D:7)
  An ogre (D:6)
  A centaur (D:6)
  A kobold brigand (D:9)
  4 bullfrogs
  A gnoll sergeant (D:5)
  A scorpion (D:6)
  5 hounds
  2 orc priests
  2 bombardier beetles
  A gnoll bouda (D:5)
  3 jellies
  4 iguanas
  3 sleepcaps
  11 orc wizards
  8 adders
  10 gnolls
  2 white imps
  4 ufetubi
  3 dart slugs
  A ribbon worm (D:2)
  25 orcs
  11 ball pythons
  5 endoplasms
  7 giant cockroaches
  4 hobgoblins
  8 jackals
  11 kobolds
  3 quokkas
  14 bats
  4 frilled lizards
  10 goblins
  8 rats
192 creatures vanquished.

Notes
Turn   | Place    | Note
-------+----------+-------------------------------------------
     0 | D:1      | Peloso the Minotaur Fighter began the quest for the Orb.
     0 | D:1      | Reached XP level 1. HP: 19/19 MP: 0/0
   277 | D:1      | Reached XP level 2. HP: 18/27 MP: 1/1
  1163 | D:2      | Reached skill level 3 in Long Blades
  1184 | D:2      | Reached XP level 3. HP: 33/33 MP: 2/2
  1537 | D:2      | Reached XP level 4. HP: 40/40 MP: 3/3
  2014 | D:3      | Reached skill level 4 in Long Blades
  2476 | D:3      | Identified the +7 hand axe of Leton {flame, rN+ MP+9 Int+5}
  2882 | D:4      | Reached XP level 5. HP: 47/47 MP: 4/4
  2959 | D:4      | Reached skill level 5 in Armour
  3234 | D:4      | Reached XP level 6. HP: 36/53 MP: 5/5
  3596 | D:4      | Reached skill level 1 in Dodging
  3693 | D:4      | Reached skill level 5 in Long Blades
  4103 | D:5      | Entered Level 5 of the Dungeon
  4328 | D:5      | Reached XP level 7. HP: 60/60 MP: 6/6
  4404 | D:5      | Reached skill level 6 in Long Blades
  4554 | D:5      | Reached skill level 5 in Fighting
  5414 | D:6      | Reached skill level 5 in Shields
  5435 | D:6      | Reached skill level 7 in Long Blades
  5467 | D:6      | Reached XP level 8. HP: 65/68 MP: 7/7
  5876 | D:6      | Reached skill level 8 in Long Blades
  6263 | D:6      | Found Mutiubul's Weapon Boutique.
  6736 | D:7      | Found a staircase to the Ecumenical Temple.
  6813 | D:7      | Reached skill level 9 in Long Blades
  6877 | Temple   | Entered the Ecumenical Temple
  6927 | Temple   | Became a worshipper of Warmaster Okawaru
  7184 | D:7      | Reached XP level 9. HP: 76/78 MP: 8/8
  7765 | D:8      | Found Riyhov's Armour Shop.
  7930 | D:8      | Found Siyc's General Store.
  7940 | D:8      | Noticed a two-headed ogre
  8186 | D:9      | Reached skill level 1 in Stealth
  8192 | D:9      | Reached * piety under Okawaru
  8193 | D:9      | Reached skill level 10 in Long Blades
  8202 | D:9      | HP: 3/78 [yak (9)]
  8612 | D:9      | Killed from afar by an orc priest

Illustrated notes

Levels and vault maps discovered:
D:1:      matt_arrival_spirals, layout_basic, minmay_misc_feat_nine_boxes,
          moated_statue, minmay_small_reverse_x
D:2:      layout_basic, chequers_mini_garden, serial_bayou_pond_b,
          kennysheep_generic_room_16
D:3:      layout_basic, minmay_statues_item, hex_tiny
D:4:      layout_basic, nicolae_twisty_statue_hallways
D:5:      layout_loops_ring
D:6:      layout_loops_ring, serial_shops, nicolae_shop_rolling_square
D:7:      layout_layer_cave, minmay_temple_entry_enclosed_plants
D:8:      layout_cave_pools, erik_lair_dragon, serial_shops,
          nicolae_shop_tiny_glass, shop, nicolae_shop_advertising_works
          [nicolae_subvault_shop_adworks], shop
D:9:      layout_gridville, david_orc_4, uniq_jeremiah, uniq_erolcha
Temple:   mainiacjoe_temple_cubbyholes

Skill      XL: |  1  2  3  4  5  6  7  8  9 |
---------------+----------------------------+-----
Shields        | 4 5 6 |  6.6
Armour         | 4 5 6 7 8 9 |  9.8
Long Blades    | 3 4 5 7 9 10 | 10.7
Fighting       | 4 5 6 7 |  7.2
Dodging        | 1 2 3 |  3.1
Stealth        | 1 |  1.1
Invocations    | |  0.1

Action                     |  1- 3 |  4- 6 |  7- 9 || total
---------------------------+-------+-------+-------++-------
  Melee: Long sword        |   101 |   146 |   370 ||   617
         Headbutt          |    12 |    31 |    70 ||   113
         Hand axe          |       |       |     9 ||     9
 Invoke: Heroism           |       |       |     1 ||     1
    Use: Scroll            |     4 |     4 |     5 ||    13
         Potion            |     1 |       |     5 ||     6
   Stab: Distracted        |       |       |     1 ||     1
 Armour: Scale mail        |    94 |     1 |       ||    95
         Chain mail        |       |   105 |   241 ||   346
         Plate armour      |       |       |    97 ||    97
  Dodge: Dodged            |    72 |    51 |   171 ||   294
  Block: Buckler           |    26 |    33 |   104 ||   163
